 Dungeon Crawl Stone Soup version 0.17-a0-1515-gfae3d72 (webtiles) character file.

71428 Gorice the Impaler (level 15, -10/150 HPs)
             Began as a Naga Wanderer on July 11, 2015.
             Was the Champion of Okawaru.
             Mangled by a red devil
             ... wielding a +0 trident
             ... summoned by an orc high priest
              (12 damage)
             ... on level 4 of the Orcish Mines on July 12, 2015.
             The game lasted 03:32:12 (32375 turns).

Gorice the Impaler (Naga Wanderer)                 Turns: 32375, Time: 03:32:13

Health: -10/150    AC: 34    Str: 15    XL:     15   Next: 36%
Magic:  16/16      EV:  8    Int: 21    God:    Okawaru [******]
Gold:   1553       SH:  0    Dex: 13    Spells: 0 memorised, 14 levels left

rFire  . . .     SeeInvis +     b - +2 hunting sling (flame)
rCold  . . .     Clarity  .     j - +3 ring mail {MR+}
rNeg   + . .     SustAt   .     (no shield)
rPois  +         Gourm    .     s - +2 hat {MR+}
rElec  .         Spirit   .     T - +2 cloak {MR+}
rCorr  +         Warding  .     l - +0 pair of gloves
rMut   .         Stasis   .     c - +3 naga barding of the Tarantula {+Fly rN+ Int+5}
MR     ++++.                    r - amulet of resist corrosion
Stlth  +++.......               m - +4 ring of protection
                                V - +2 ring of evasion

@: very slow, incredibly resistant to hostile enchantments, fairly stealthy
A: see invisible, deformed body, poison resistance, slowness 2, slow metabolism
1, spit poison 2, constrict 1, AC +5
a: Spit Poison, Heroism, Finesse, Renounce Religion, Evoke Flight


You were on level 4 of the Orcish Mines.
You worshipped Okawaru.
Okawaru was exalted by your worship.
You were not hungry.

You visited 4 branches of the dungeon, and saw 23 of its levels.
You also visited: Sewer and Ice Cave.

You collected 2448 gold pieces.
You spent 895 gold pieces at shops.

Inventory:

Hand weapons
 a - the +7 glaive of Iczopegga {chop, rElec rPois rF- Str-4}
   (Okawaru gifted it to you on level 9 of the Dungeon)

   It inflicts extra damage upon your enemies.
   It affects your strength (-4).
   It makes you vulnerable to fire.
   It insulates you from electricity.
   It protects you from poison.
 b - a +2 hunting sling of flaming (weapon)
   (You took it off a goblin on level 3 of the Dungeon)
 B - the +9 blowgun of Certain Death {speed, MP+9 Int+2}
   (You found it on level 9 of the Dungeon)

   Attacks with this weapon are significantly faster.
   It affects your intelligence (+2).
   It affects your magic capacity (+9).
Missiles
 C - 60 poisoned needles
 G - 49 sling bullets (quivered)
 N - 5 curare-tipped needles
 Y - a throwing net
 Z - 639 stones
Armour
 c - the +3 naga barding of the Tarantula (worn) {+Fly rN+ Int+5}
   (You acquired it on level 1 of the Lair of Beasts)

   It affects your intelligence (+5).
   It protects you from negative energy.
   It lets you fly.
 j - a +3 ring mail of magic resistance (worn)
   (You found it on level 1 of the Dungeon)
 l - a +0 pair of gloves (worn)
 s - a +2 hat of magic resistance (worn)
   (Okawaru gifted it to you on level 10 of the Dungeon)
 u - a +1 robe
 w - a +0 naga barding of stealth
   (Okawaru gifted it to you on level 4 of the Orcish Mines)
 T - a +2 cloak of magic resistance (worn)
   (Okawaru gifted it to you on level 6 of the Lair of Beasts)
Jewellery
 m - a +4 ring of protection (right hand)
 q - an uncursed ring of ice
 r - an amulet of resist corrosion (around neck)
 K - an uncursed ring of sustain attributes
 V - a +2 ring of evasion (left hand)
Magical devices
 e - a wand of fireball (14)
 f - a wand of heal wounds (5) {!d}
 g - a wand of digging (14)
 k - a wand of cold (6)
 A - a wand of confusion (23)
 E - a wand of fire (6)
 L - a wand of enslavement (15)
Scrolls
 i - 10 scrolls of remove curse
 o - 7 scrolls of identify
 p - 5 scrolls of teleportation {!r}
 v - 3 scrolls of blinking
 Q - a scroll of summoning {!r}
 R - 2 scrolls of fear {!r}
 X - 2 scrolls of fog
Potions
 h - 9 potions of curing
 n - 4 potions of berserk rage
 x - a potion of haste {!q}
 H - 3 potions of agility {!q}
 I - 3 potions of lignification {!q}
 J - 2 potions of invisibility {!q}
 W - 3 potions of heal wounds {!q}
Miscellaneous
 U - a lamp of fire
Comestibles
 d - 31 fruits
 t - 5 chunks of flesh
 z - 8 bread rations {!e}


   Skills:
 + Level 13.8 Fighting
 - Level 16.0 Polearms
 * Level 13.1 Armour
 - Level 5.3 Stealth
   Level 1.0 Shields
 - Level 2.1 Invocations


You had 14 spell levels left.
You didn't know any spells.

Dungeon Overview and Level Annotations

Branches:
Dungeon (10/15)            Temple (1/1) D:7            Lair (8/8) D:9
 Shoals (0/4) Lair:6        Snake (0/4) Lair:3        Slime (0/6) Lair:7
    Orc (4/4) D:10            Elf (0/3) Orc:3

Altars:
Ashenzari
Cheibriados
Dithmenos
Elyvilon
Fedhas
Gozag
Kikubaaqudgha
Makhleb
Nemelex Xobeh
Okawaru
Qazlal
Ru
Sif Muna
Trog
Vehumet
Xom
Yredelemnul
Zin
The Shining One
Beogh
Jiyva

Shops:
D:5 ::%%*   Orc:1 }   Orc:2 (*   Orc:3 }   Orc:4 *

Annotations:
Lair:1 UX
Lair:8 UX: dragon's lair


Innate Abilities, Weirdness & Mutations

You cannot wear boots.
Your serpentine skin is tough (AC +5).
You have supernaturally acute eyesight.
Armour fits poorly on your strangely shaped body.
Your system is resistant to poisons.
You cover ground very slowly.
You have a slow metabolism.
You can spit poison.
You can use your snake-like lower body to constrict enemies.


Message History

The floor.
Wield which item (- for none, * to show all)? (? for menu, Esc to quit)
a - the +7 glaive of Iczopegga (weapon)
{chop, rElec rPois rF- Str-4} The red devil hits you but does no damage.
The sun demon hits you but does no damage.
The orc high priest mumbles some strange prayers.
The orc high priest invokes the aid of Beogh against you.
Something smites you!
Damage: 13 (max 22) Attack whom?
Press: ? - help, Dir - move target cursor, f/p - orc high priest
Aim: an orc high priest, wielding a trident of venom (lightly wounded, slow, poisoned)
You reach to attack!
You closely miss the orc high priest.
The orc high priest is lightly wounded.
The sun demon hits you but does no damage.
The red devil hits you but does no damage.
Unknown command.
Attack whom?
Press: ? - help, Dir - move target cursor, f/p - orc high priest
Aim: an orc high priest, wielding a trident of venom (lightly wounded, slow, poisoned)
The white imp is in the way.
You slice the white imp!!
You kill the white imp!
The sun demon hits you.
You are engulfed in flames!!
The fire burns you terribly!
The orc high priest hits you but does no damage.
Damage: 28 (max 28) Unknown command.
Attack whom?
Press: ? - help, Dir - move target cursor, f/p - orc high priest
Aim: an orc high priest, wielding a trident of venom (lightly wounded, slow, poisoned)
You reach to attack!
You closely miss the orc high priest.
The orc high priest is lightly wounded.
The red devil barely misses you. The sun demon hits you!
You are engulfed in flames!!
The fire burns you terribly!
* * * LOW HITPOINT WARNING * * *
Damage: 37 (max 37) Unknown command.
Unknown command.
Unknown command.
Unknown command.
Unknown command.
Wield which item (- for none, * to show all)? (? for menu, Esc to quit)
It bursts into flame!
b - a +2 hunting sling of flaming (weapon)
The sun demon hits you!
* * * LOW HITPOINT WARNING * * *
You are engulfed in flames!
* * * LOW HITPOINT WARNING * * *
The red devil hits you from afar with a trident!
You die...

***#.3).## #.#.....##
.....##).## #........#
.....o##))# #........##
#.##.,,##.###.........##
#o,##,,*#34###.........#
,,,,*,,,##o##.#.......##
,,,,,,,,*#.##..........#
,,,,,,,,*#.##.........##
,,,..#####.##5o3@....###
,,,...........43..#....##
,,,o.#####.##.....#.....#
,,,,,,,,*#.##......#.#.## ###
,,,,,,,,*#)##.......#### ##.##
,,,,*,,,*#.##.........## #...#
*,,**,,**..###.........###...###
*,**,,,*#.##
##..........##..#.## ,,,,,,**..*
#..........#......#


You could see an orc high priest, a sun demon, a neqoxec, a red devil and a
white imp.

Vanquished Creatures
  Donald (Orc:4)
  Maud (Orc:3)
  Snorg (Lair:7)
  6 hydras
  Fannar (Lair:3)
  2 centaur warriors (D:9)
  11 death yaks
  2 orc high priests (Orc:4)
  2 ice devils (IceCv)
  2 ice statues (IceCv)
  Pikel (D:7)
  5 hill giants
  2 lindwurms (Lair:8)
  3 orc sorcerers
  4 griffons
  4 orc knights
  6 elephants
  Maurice (Orc:4)
  A moth of wrath (shapeshifter) (D:9)
  8 black mambas
  A manticore (Lair:6)
  Joseph (D:7)
  2 torpor snails (Lair:8)
  Psyche (D:8)
  10 spiny frogs
  4 fire drakes
  11 komodo dragons
  3 trolls
  3 two-headed ogres
  The ghost of Fluffy the Ducker, an average DsGl (D:4)
  A giant leech (Lair:8)
  3 boulder beetles
  8 blue devils (IceCv)
  32 blink frogs
  29 yaks
  A shadow (D:9)
  2 hungry ghosts
  3 basilisks (Lair:8)
  2 nagas (Lair:3)
  A wyvern (Lair:8)
  12 hippogriffs
  Menkaure (D:7)
  2 steam dragons
  2 wargs
  3 wolves (Lair:2)
  7 water moccasins
  Duvessa (D:5)
  13 orc warriors
  2 swamp drakes (Lair:8)
  6 necrophages
  3 ice beasts
  A phantom (D:3)
  9 porcupines
  3 sky beasts
  A black bear (D:8)
  6 ogres
  2 slaves (D:7)
  6 centaurs
  4 big kobolds
  16 crocodiles
  The ghost of urechis the Sneak, an average VSAs of Dithmenos (Sewer)
  14 giant frogs
  A gnoll sergeant (D:9)
  6 scorpions
  2 wyvern skeletons
  Dowan (D:5)
  10 wights (D:10)
  7 killer bees
  3 crimson imps
  3 lava snakes (Lair:2)
  A giant frog zombie (D:7)
  21 orc wizards
  17 orc priests
  5 hounds
  3 centaur skeletons
  7 jellies
  Jessica (D:3)
  2 giant frog skeletons
  12 iguanas
  10 sheep
  7 worker ants
  A hell rat (D:8)
  2 killer bee zombies
  A hound skeleton (D:4)
  A worker ant zombie (D:10)
  9 adders
  4 gnolls
  78 river rats
  19 white imps
  6 shadow imps
  6 ufetubi (IceCv)
  3 oozes (Lair:7)
  An adder skeleton (D:6)
  2 worms
  7 giant geckos
  146 orcs
  14 bats
  5 giant cockroaches
  27 goblins
  20 hobgoblins
  14 jackals
  41 kobolds
  10 quokkas
  11 giant newts
  A quokka skeleton (D:9)
  27 rats
  3 fungi (Lair:8)
  3 plants
879 creatures vanquished.

Vanquished Creatures (others)
  2 white imps (IceCv)
  2 ufetubi (IceCv)
  A goblin (D:7)
  58 fungi
  56 plants
119 creatures vanquished.

Grand Total: 998 creatures vanquished

Notes
Turn   | Place    | Note
--------------------------------------------------------------
     0 | D:1      | Gorice the Naga Wanderer began the quest for the Orb.
     0 | D:1      | Gorice set off with: a +2 spear, a +0 short sword, a +0 ring mail, a +0 dagger, a bread ration {!e}
     0 | D:1      | Reached XP level 1. HP: 21/21 MP: 1/1
   259 | D:1      | Reached XP level 2. HP: 26/28 MP: 2/2
   405 | D:1      | Reached skill level 5 in Stealth
   748 | D:1      | Reached XP level 3. HP: 34/34 MP: 3/3
  1114 | D:1      | Reached skill level 3 in Polearms
  1152 | D:1      | Reached XP level 4. HP: 28/42 MP: 4/4
  1737 | D:2      | Reached skill level 4 in Polearms
  2089 | D:3      | Noticed Jessica
  2098 | D:3      | Killed Jessica
  2098 | D:3      | Reached XP level 5. HP: 40/49 MP: 5/5
  2612 | D:3      | Noticed a phantom
  2739 | D:4      | Noticed Fluffy's ghost (average DsGl)
  2949 | D:4      | Reached skill level 5 in Polearms
  3052 | D:4      | Reached XP level 6. HP: 45/56 MP: 6/6
  3902 | D:4      | Reached skill level 6 in Polearms
  4397 | D:4      | Killed Fluffy's ghost
  4397 | D:4      | Reached skill level 7 in Polearms
  4397 | D:4      | Reached XP level 7. HP: 19/62 MP: 7/7
  4829 | D:5      | Entered Level 5 of the Dungeon
  4829 | D:5      | Found Fiunwaixto's Book Boutique.
  4905 | D:5      | Noticed Dowan
  4911 | D:5      | Noticed Duvessa
  4935 | D:5      | Killed Dowan
  5065 | D:5      | HP: 12/62 [Duvessa/short sword (10)]
  5070 | D:5      | HP: 14/62 [Duvessa/short sword (10)]
  5072 | D:5      | Killed Duvessa
  5072 | D:5      | Reached skill level 8 in Polearms
  5345 | D:5      | Found Xiuxuf's Food Shoppe.
  5429 | D:5      | Found Axkotwe's General Store.
  5434 | D:5      | Bought a scroll of identify for 24 gold pieces
  5572 | D:5      | Found Karionub's Book Shop.
  5970 | D:5      | Found Siaqyila's Food Shop.
  6365 | D:6      | Reached XP level 8. HP: 53/69 MP: 8/8
  6437 | D:6      | Found a stormy altar of Qazlal.
  6438 | D:6      | Found an iron altar of Okawaru.
  6438 | D:6      | Found an ancient bone altar of Kikubaaqudgha.
  6582 | D:6      | Found a glowing drain.
  6602 | D:6      | Reached skill level 9 in Polearms
  6645 | Sewer    | Entered a sewer
  6706 | Sewer    | Noticed urechis's ghost (average VSAs)
  6730 | Sewer    | Killed urechis's ghost
  6805 | Sewer    | Found a white marble altar of Elyvilon.
  7325 | D:6      | Reached skill level 10 in Polearms
  7804 | D:7      | Noticed Pikel
  7852 | D:6      | Became a worshipper of Warmaster Okawaru
  7973 | D:7      | Noticed Menkaure
  7978 | D:7      | Killed Menkaure
  7979 | D:7      | Found an iron altar of Okawaru.
  8060 | D:7      | Killed Pikel
  8060 | D:7      | Acquired Okawaru's first power
  8060 | D:7      | Reached skill level 11 in Polearms
  8060 | D:7      | Reached XP level 9. HP: 58/75 MP: 9/9
  8199 | D:7      | Noticed Joseph
  8248 | D:7      | Found a staircase to the Ecumenical Temple.
  8257 | Temple   | Entered the Ecumenical Temple
  8639 | D:7      | HP: 21/75 [orc (2)]
  8650 | D:7      | HP: 17/75 [orc (3)]
  8656 | D:7      | HP: 12/75 [orc (4)]
  8661 | D:7      | HP: 12/75 [orc (1)]
  8950 | D:7      | Found a shimmering altar of Xom.
  9249 | D:7      | Killed Joseph
  9249 | D:7      | Reached skill level 12 in Polearms
  9249 | D:7      | Reached skill level 1 in Invocations
  9498 | D:6      | Reached skill level 2 in Invocations
  9615 | D:3      | Killed a phantom
 10007 | D:8      | Noticed Psyche
 10037 | D:8      | Killed Psyche
 10037 | D:8      | Reached skill level 4 in Fighting
 10037 | D:8      | Reached XP level 10. HP: 67/87 MP: 11/11
 10147 | D:8      | Reached skill level 13 in Polearms
 10363 | D:8      | Noticed a hill giant
 10528 | D:8      | HP: 17/87 [hill giant/giant spiked club (36)]
 10550 | D:8      | Killed a hill giant
 10550 | D:8      | Reached skill level 5 in Fighting
 11740 | D:9      | Found a staircase to the Lair.
 11871 | D:9      | Reached skill level 6 in Fighting
 12453 | D:9      | Reached skill level 14 in Polearms
 12459 | D:9      | Noticed an octopode
 12712 | D:9      | Noticed a hill giant
 12736 | D:9      | Killed a hill giant
 12736 | D:9      | Acquired Okawaru's second power
 12736 | D:9      | Reached XP level 11. HP: 91/99 MP: 12/12
 12750 | D:9      | Reached skill level 7 in Fighting
 12770 | D:9      | Noticed a centaur warrior
 12788 | D:9      | Killed a centaur warrior
 12811 | D:9      | Noticed a mana viper
 12811 | D:9      | a mana viper changed into a redback
 12814 | D:9      | Noticed a deep troll
 12814 | D:9      | a redback changed into a deep troll
 12822 | D:9      | HP: 30/100 [deep troll (shapeshifter) (10)]
 12823 | D:9      | HP: 12/100 [deep troll (shapeshifter) (18)]
 13141 | D:9      | Noticed a deep troll
 13143 | D:9      | a deep troll changed into a boulder beetle
 13273 | D:9      | Got a crystal blowgun
 13274 | D:9      | Identified the +9 blowgun of Certain Death {speed, MP+9 Int+2} (You found it on level 9 of the Dungeon)
 13369 | D:9      | HP: 30/102 [yak (5)]
 13370 | D:9      | HP: 14/102 [yak (7)]
 13379 | D:9      | HP: 27/102 [yak (9)]
 13387 | D:9      | HP: 20/102 [yak (8)]
 13389 | D:9      | HP: 9/102 [yak (12)]
 13394 | D:9      | HP: 20/102 [yak (14)]
 13438 | D:9      | HP: 18/103 [orc priest/divine providence (15)]
 13444 | D:9      | HP: 17/103 [orc priest/hand axe (2)]
 13449 | D:9      | HP: 5/103 [orc priest/divine providence (13)]
 13456 | D:9      | Reached skill level 15 in Polearms
 13464 | D:9      | HP: 25/103 [orc wizard/magic dart (9)]
 14083 | D:9      | Noticed a centaur warrior
 14100 | D:9      | Killed a centaur warrior
 14100 | D:9      | Received a gift from Okawaru
 14100 | D:9      | Reached skill level 8 in Fighting
 14101 | D:9      | Got a crystal glaive {god gift}
 14102 | D:9      | Identified the +7 glaive of Iczopegga {chop, rElec rPois rF- Str-4} (Okawaru gifted it to you on level 9 of the Dungeon)
 14437 | Lair:1   | Entered Level 1 of the Lair of Beasts
 14494 | D:10     | Entered Level 10 of the Dungeon
 14596 | D:10     | Noticed a hill giant
 14614 | D:10     | Killed a hill giant
 15075 | D:10     | Received a gift from Okawaru
 15075 | D:10     | Reached XP level 12. HP: 112/112 MP: 13/13
 15160 | D:10     | Reached skill level 9 in Fighting
 15168 | D:10     | Noticed a hill giant
 15185 | D:10     | Killed a hill giant
 15185 | D:10     | Reached skill level 16 in Polearms
 15238 | D:10     | Found a sacrificial altar of Ru.
 15255 | D:10     | Reached skill level 2 in Armour
 15650 | D:10     | Found a staircase to the Orcish Mines.
 15813 | Orc:1    | Entered Level 1 of the Orcish Mines
 16160 | Orc:1    | Reached skill level 3 in Armour
 16246 | Orc:1    | Found a roughly hewn altar of Beogh.
 16444 | Orc:1    | Found Zavot's Gadget Emporium.
 16612 | Orc:2    | Found Ynex's Antique Weapon Shop.
 17746 | Lair:2   | Reached skill level 4 in Armour
 18020 | Lair:2   | Noticed a five-headed hydra
 18048 | Lair:2   | HP: 34/116 [five-headed hydra (4)]
 18049 | Lair:2   | Killed a five-headed hydra
 18049 | Lair:2   | Reached skill level 10 in Fighting
 18049 | Lair:2   | Reached skill level 5 in Armour
 18090 | Lair:2   | HP: 34/116 [porcupine's spines (11)]
 19162 | Lair:3   | Found a staircase to the Snake Pit.
 19167 | Lair:3   | Reached skill level 6 in Armour
 19904 | Lair:3   | Noticed Fannar
 20062 | Lair:3   | Killed Fannar
 20062 | Lair:3   | Gained mutation: You can use your snake-like lower body to constrict enemies. [Naga growth]
 20062 | Lair:3   | Reached XP level 13. HP: 124/124 MP: 14/14
 20119 | Lair:3   | Reached skill level 7 in Armour
 20251 | Lair:3   | Noticed a six-headed hydra
 20264 | Lair:3   | Killed a six-headed hydra
 20492 | Lair:4   | Reached skill level 11 in Fighting
 20900 | Lair:4   | Reached skill level 8 in Armour
 21126 | Lair:4   | Received a gift from Okawaru
 22818 | Lair:6   | Reached skill level 9 in Armour
 23114 | Lair:6   | Found a staircase to the Shoals.
 23133 | Lair:6   | Received a gift from Okawaru
 23942 | Lair:1   | Identified a scroll of acquirement
 23948 | Lair:1   | Got a brightly glowing naga barding
 23959 | Lair:1   | Identified the +3 naga barding of the Tarantula {+Fly rN+ Int+5} (You acquired it on level 1 of the Lair of Beasts)
 24437 | Lair:7   | Found a runed door.
 24438 | Lair:7   | Found a viscous altar of Jiyva.
 24441 | Lair:7   | Found a staircase to the Slime Pits.
 24739 | Lair:7   | Noticed Snorg
 24745 | Lair:7   | Killed Snorg
 24745 | Lair:7   | Reached skill level 12 in Fighting
 24745 | Lair:7   | Reached skill level 10 in Armour
 24802 | Lair:7   | Reached XP level 14. HP: 130/138 MP: 15/15
 25034 | Lair:8   | Entered Level 8 of the Lair of Beasts
 25814 | Lair:8   | Received a gift from Okawaru
 25849 | Lair:8   | Reached skill level 11 in Armour
 26179 | Lair:8   | HP: 41/139 [boulder beetle (27)]
 26852 | Lair:8   | HP: 38/139 [eight-headed hydra (6)]
 26858 | Lair:8   | HP: 29/139 [eight-headed hydra (8)]
 27561 | Lair:8   | Reached skill level 13 in Fighting
 27566 | Lair:8   | HP: 31/141 [death yak (13)]
 28460 | Lair:8   | HP: 36/141 [eight-headed hydra (8)]
 28462 | Lair:8   | Received a gift from Okawaru
 28462 | Lair:8   | Reached skill level 12 in Armour
 29050 | Lair:1   | Upgraded the game from 0.17-a0-1510-gb3fb22e to 0.17-a0-1515-gfae3d72
 29305 | Orc:2    | Found Rachechy's General Store.
 29323 | Orc:2    | Bought a scroll of blinking for 105 gold pieces
 29323 | Orc:2    | Bought a scroll of teleportation for 42 gold pieces
 29323 | Orc:2    | Bought a potion of heal wounds for 70 gold pieces
 29323 | Orc:2    | Bought a scroll of teleportation for 42 gold pieces
 29526 | Orc:3    | Found a staircase to the Elven Halls.
 29547 | Orc:3    | Found Imnimikia's Gadget Shoppe.
 29576 | Orc:3    | Bought a wand of heal wounds (2) for 612 gold pieces
 29595 | Orc:3    | Noticed Maud
 29606 | Orc:3    | Killed Maud
 29606 | Orc:3    | Received a gift from Okawaru
 29811 | Orc:3    | Reached XP level 15. HP: 148/148 MP: 16/16
 30197 | Orc:4    | Entered Level 4 of the Orcish Mines
 30339 | Orc:4    | Noticed Donald
 30384 | Orc:4    | Killed Donald
 30414 | Orc:4    | Found a frozen archway.
 30460 | IceCv    | Entered an ice cave
 31671 | Orc:4    | Noticed Maurice
 31679 | Orc:4    | Killed Maurice
 31894 | Orc:4    | Found Kifu's Assorted Antiques.
 31909 | Orc:4    | Reached skill level 13 in Armour
 31950 | Orc:4    | Received a gift from Okawaru
 31962 | Orc:4    | HP: 31/150 [ice devil[an orc high priest] (26)]
 31967 | Orc:4    | HP: 33/150 [red devil/trident[an orc high priest] (15)]
 32374 | Orc:4    | HP: 25/150 [sun demon[an orc high priest] (24)]
 32375 | Orc:4    | HP: 2/150 [sun demon[an orc high priest] (12)]
 32375 | Orc:4    | Mangled by a red devil

Vault maps used:
D:1:      dpeg_arrival_rhombi
D:2:      minmay_newt_pond
D:3:      first_bread, grunt_ministairs_6, serial_park_tiny_pond, uniq_jessica
D:4:      kennysheep_kobold_camp
D:5:      serial_shops, nicolae_shop_stone, nicolae_shop_window_shopping,
          nicolae_shop_trees, shop, shop_statue, kennysheep_generic_room_5,
          uniq_duvessa
D:6:      minitemple, portal_sewer_entry_c, minmay_parallelograms, st_stairs_4,
          kennysheep_flooded_box
D:7:      temple_hall, hangedman_feature_mirror, uniq_joseph, uniq_menkaure,
          uniq_pikel
D:8:      uniq_psyche
D:9:      hangedman_cross_cluster, dpeg_lair_monsters
D:10:     orc_0_dummy, basic_altar, serial_undead, serial_undead_e,
          serial_undead_c, serial_undead_a, serial_undead_e, serial_undead_e,
          serial_undead_e, serial_undead_d
Temple:   nicolae_temple_x_marks_the_god_16
Lair:3:   guppyfry_snake_entry_island, uniq_fannar
Lair:4:   lemuel_another_geyser
Lair:5:   lemuel_fruit_fields, infiniplex_staircase_pool
Lair:6:   minmay_shoals_entry_beasts, bh_autumn_forest_stairs,
          grunt_megastairs_5
Lair:7:   slime_altar_2, uniq_snorg
Lair:8:   hangedman_lair_in_review, guppyfry_lair_end_dragon,
          grunt_forest_large_clearings, infiniplex_staircase_pool_2
Orc:1:    serial_shops, shop, basic_altar
Orc:2:    serial_shops, shop, shop
Orc:3:    serial_shops, shop, nicolae_orc_pool_cavern, uniq_maud
Orc:4:    st_orc_elflike, portal_ice_cave_entry_imps, uniq_donald, uniq_maurice
Sewer:    sewer_kobolds
IceCv:    ice_cave_small_demon

Action                   |  1- 3 |  4- 6 |  7- 9 | 10-12 | 13-15 || total
-------------------------+-------+-------+-------+-------+-------++-------
Melee: Spear             |    80 |   296 |   385 |       |       ||   761
       Trident           |       |       |    97 |   314 |    14 ||   425
       Halberd           |       |       |       |   181 |       ||   181
       Glaive            |       |       |       |   385 |  1096 ||  1481
       Staff             |       |       |       |       |   136 ||   136
 Fire: Hunting sling     |       |    53 |    97 |   167 |    86 ||   403
       Blowgun           |       |       |     2 |    80 |    17 ||    99
Throw: Stone             |       |     3 |       |       |       ||     3
       Javelin           |       |       |     1 |     6 |     4 ||    11
Invok: Heroism           |       |       |       |    10 |    16 ||    26
 Abil: Spit Poison       |     9 |     8 |    23 |    18 |     6 ||    64
       Evoke Flight      |       |       |       |       |     4 ||     4
Evoke: Wand              |       |     5 |     9 |     4 |     5 ||    23
  Use: Scroll            |     4 |     9 |     7 |    10 |     8 ||    38
       Potion            |       |       |     1 |     5 |     2 ||     8
 Stab: Sleeping          |     4 |     6 |     8 |    23 |    13 ||    54
       Confused          |       |       |     4 |       |       ||     4
       Distracted        |       |       |     3 |     4 |     6 ||    13
  Eat: Chunk             |     1 |     9 |    14 |    30 |    32 ||    86
       Beef jerky        |       |       |     2 |       |       ||     2
       Pizza             |       |       |       |     1 |       ||     1
       Bread ration      |       |       |       |       |     1 ||     1

Table legend:
 A = Turns spent in this place as a percentage of turns spent in the entire game.
 B = Non-inter-level travel turns spent in this place as a percentage of non-inter-level travel turns spent in the entire game.
 C = Inter-level travel turns spent in this place as a percentage of turns spent in this place.
 D = Turns resting spent in this place as a percentage of non-inter-level travel turns spent in this place.
 E = Turns spent auto-exploring this place as a percentage of non-inter-level travel turns spent in this place.
 F = Non-inter-level travel turns spent in this place divided by the number of levels of this place that you've seen.
                   A       B       C       D       E      F
               +-------+-------+-------+-------+-------+----------------------
         Total | 100.0 | 100.0 |   0.5 |   1.7 |   2.8 | 527.4
       Dungeon |  48.2 |  48.2 |   0.5 |   1.8 |   3.0 | 635.2
        Temple |   0.5 |   0.5 |   0.0 |   0.0 |   1.5 |  67.0
          Lair |  33.5 |  33.4 |   0.6 |   2.3 |   3.3 | 551.1
  Orcish Mines |  14.4 |  14.4 |   0.5 |   0.5 |   1.5 | 475.5
         Sewer |   1.3 |   1.3 |   0.0 |   0.0 |   0.6 | 167.0
      Ice Cave |   2.2 |   2.2 |   0.0 |   0.7 |   0.7 | 289.0
               +-------+-------+-------+-------+-------+----------------------

Vault maps used:
D:1:      dpeg_arrival_rhombi
D:2:      minmay_newt_pond
D:3:      first_bread, grunt_ministairs_6, serial_park_tiny_pond, uniq_jessica
D:4:      kennysheep_kobold_camp
D:5:      serial_shops, nicolae_shop_stone, nicolae_shop_window_shopping,
          nicolae_shop_trees, shop, shop_statue, kennysheep_generic_room_5,
          uniq_duvessa
D:6:      minitemple, portal_sewer_entry_c, minmay_parallelograms, st_stairs_4,
          kennysheep_flooded_box
D:7:      temple_hall, hangedman_feature_mirror, uniq_joseph, uniq_menkaure,
          uniq_pikel
D:8:      uniq_psyche
D:9:      hangedman_cross_cluster, dpeg_lair_monsters
D:10:     orc_0_dummy, basic_altar, serial_undead, serial_undead_e,
          serial_undead_c, serial_undead_a, serial_undead_e, serial_undead_e,
          serial_undead_e, serial_undead_d
Temple:   nicolae_temple_x_marks_the_god_16
Lair:3:   guppyfry_snake_entry_island, uniq_fannar
Lair:4:   lemuel_another_geyser
Lair:5:   lemuel_fruit_fields, infiniplex_staircase_pool
Lair:6:   minmay_shoals_entry_beasts, bh_autumn_forest_stairs,
          grunt_megastairs_5
Lair:7:   slime_altar_2, uniq_snorg
Lair:8:   hangedman_lair_in_review, guppyfry_lair_end_dragon,
          grunt_forest_large_clearings, infiniplex_staircase_pool_2
Orc:1:    serial_shops, shop, basic_altar
Orc:2:    serial_shops, shop, shop
Orc:3:    serial_shops, shop, nicolae_orc_pool_cavern, uniq_maud
Orc:4:    st_orc_elflike, portal_ice_cave_entry_imps, uniq_donald, uniq_maurice
Sewer:    sewer_kobolds
IceCv:    ice_cave_small_demon
